 Dungeon Crawl Stone Soup version 0.30.0-19-g36f170ea60 (webtiles) character file.

Game seed: 12920556240036429994

102755 Dadi the Eclecticist (level 15, -5/88 HPs)
             Began as a Deep Elf Conjurer on May 27, 2023.
             Was a High Priest of Vehumet.
             Slain by a demonic crawler (13 damage)
             ... on level 1 of the Spider Nest on May 28, 2023.
             The game lasted 01:58:25 (35004 turns).

Dadi the Eclecticist (Deep Elf Conjurer)           Turns: 35004, Time: 01:58:27

Health: -5/88      AC:  9    Str:  4    XL:     15   Next: 87%
Magic:  10/36      EV: 27    Int: 31    God:    Vehumet [*****.]
Gold:   1270       SH:  5    Dex: 13    Spells: 9/44 levels left

rFire   + . .        q - staff of conjuration "Meujiul" {rElec Will++ SInv}
rCold   + + .        V - +0 buckler
rNeg    . . .        k - +2 robe {rC+ rF+}
rPois   .            j - +0 helmet
rElec   +            s - +0 cloak
rCorr   .            D - +0 pair of gloves
SInv    +            d - +1 pair of boots
Will    +++..        y - amulet of the acrobat
Stlth   ++           C - ring of protection from cold
HPRegen 0.34/turn    a - ring of the Hare {EV+10}
MPRegen 0.25/turn

%: acrobat
@: no status effects
A: no striking features
a: Renounce Religion


You were on level 1 of the Spider Nest.
You worshipped Vehumet.
Vehumet was extremely pleased with you.
You visited 5 branches of the dungeon, and saw 24 of its levels.
You also visited: Bailey.

You collected 2475 gold pieces.
You spent 1205 gold pieces at shops.

Inventory:

Hand Weapons
 t - the +6 broad axe of Imbalance {heavy, rElec rF+ Str+2 Dex-2}
   (You bought it in a shop on level 2 of the Orcish Mines)

   Str:       It affects your strength (+2).
   Dex:       It affects your dexterity (-2).
   rF:        It protects you from fire.
   rElec:     It insulates you from electricity.
 z - the +6 short sword of Xurunuh {drain, *Noise Fragile Will+++ Int+9}
   (You bought it in a shop on level 2 of the Orcish Mines)

   Int:       It affects your intelligence (+9).
   *Noise:    It may make noises in combat.
   Fragile:   It will be destroyed if unequipped.
   Will:      It greatly increases your willpower.
Missiles
 F - 5 throwing nets
Armour
 d - a +1 pair of boots (worn)
 j - a +0 helmet (worn)
 k - a +2 robe of resistance (worn)
 s - a +0 cloak (worn)
 D - a +0 pair of gloves (worn)
 P - +5 steam dragon scales
 V - a +0 buckler (worn)
Magical Staves
 q - the staff of conjuration "Meujiul" (weapon) {rElec Will++ SInv}
   (You acquired it on level 3 of the Lair of Beasts)

   [staff of conjuration]

   Base accuracy: +5 Base damage: 5 Base attack delay: 1.2 This weapon's minimum
   attack delay (0.6) is reached at skill level 12.
   rElec:     It insulates you from electricity.
   SInv:      It lets you see invisible.
   Will:      It greatly increases your willpower.
   It falls into the 'Staves' category.
   It is a one-handed weapon.
Jewellery
 a - the ring of the Hare (right hand) {EV+10}
   (You acquired it on level 3 of the Lair of Beasts)

   [ring of evasion]

   EV:        It affects your evasion (+10).
 w - a ring of ice
 x - an amulet of reflection
 y - an amulet of the acrobat (around neck)
 C - a ring of protection from cold (left hand)
 O - a ring of positive energy
 Y - a ring of positive energy
Wands
 p - a wand of roots (7)
 K - a wand of mindburst (31)
 M - a wand of acid (13)
 Q - a wand of polymorph (16)
 Z - a wand of charming (10)
Scrolls
 f - a scroll of enchant armour
 g - 2 scrolls of enchant weapon
 i - 4 scrolls of blinking
 m - 2 scrolls of fear
 r - 21 scrolls of teleportation
 v - 3 scrolls of poison
 J - 3 scrolls of fog
 N - 7 scrolls of immolation
 S - 4 scrolls of amnesia
 T - 10 scrolls of identify
 U - 3 scrolls of magic mapping
 W - a scroll of silence
Potions
 b - 3 potions of magic
 c - 9 potions of curing
 e - 16 potions of heal wounds
 h - 7 potions of degeneration
 l - 2 potions of brilliance
 n - a potion of lignification
 o - 3 potions of attraction
 u - 6 potions of might
 A - 8 potions of mutation
 B - 2 potions of berserk rage
 E - 3 potions of cancellation
 G - 8 potions of flight
 H - a potion of resistance
 I - 5 potions of haste


   Skills:
 - Level 8.0 Fighting
 + Level 13.7 Dodging
 - Level 2.4 Stealth
 - Level 5.0 Shields
 - Level 15.0 Spellcasting
 - Level 15.0 Conjurations
 - Level 6.0 Hexes
 - Level 14.0 Fire Magic
 + Level 11.8 Earth Magic


You had 9 spell levels left.
You knew the following spells:

 Your Spells              Type           Power      Damage    Failure   Level
a - Magic Dart            Conj           100%       1d8       0%          1
b - Searing Ray           Conj           100%       2d8       0%          2
c - Dazzling Flash        Conj/Hex       100%       N/A       1%          3
d - Fulminant Prism       Conj/Hex       46%        3d21      1%          4
e - Iskenderun's Mystic   Conj/Tloc      81%        2d16      1%          4
f - Fireball              Conj/Fire      53%        3d21      1%          5
g - Cause Fear            Hex            28%        N/A       3%          4
h - Iskenderun's Battles  Conj           100%       2d15      1%          5
i - Mephitic Cloud        Conj/Pois/Air  69%        N/A       1%          3
j - Flame Wave            Conj/Fire      100%       2d21      1%          4

Your spell library contained the following spells:

 Spells                   Type           Power      Damage    Failure   Level
 Ignition                 Fire           41%        3d12      19%         8
 Shock                    Conj/Air       100%       1d9       1%          1
 Poisonous Vapours        Pois/Air       46%        N/A       1%          2
 Leda's Liquefaction      Hex/Erth       34%        N/A       1%          4
 Apportation              Tloc           46%        N/A       3%          1
 Beastly Appendage        Tmut           46%        N/A       3%          1
 Portal Projectile        Hex/Tloc       82%        N/A       3%          3
 Freezing Cloud           Conj/Ice/Air   34%        6-21      3%          5
 Wereblood                Tmut           23%        N/A       5%          2
 Airstrike                Air            11%        2d(2-18)  10%         4
 Call Canine Familiar     Summ           23%        N/A       11%         3
 Gell's Gravitas          Tloc           23%        N/A       11%         3
 Spider Form              Tmut/Pois      23%        N/A       11%         3
 Swiftness                Air            23%        N/A       11%         3
 Teleport Other           Tloc           23%        N/A       11%         3
 Lehudib's Crystal Spear  Conj/Erth      51%        10d12     24%         8
 Silence                  Hex/Air        20%        N/A       28%         5
 Summon Mana Viper        Hex/Summ       41%        N/A       28%         5
 Passage of Golubria      Tloc           23%        N/A       34%         4
 Alistair's Intoxication  Tmut/Pois      15%        N/A       67%         5
 Summon Forest            Summ/Tloc      11%        N/A       67%         5
 Dispersal                Tloc           11%        N/A       99%         6
 Summon Cactus Giant      Summ           11%        N/A       99%         6
 Dragon Form              Tmut           11%        N/A       100%        7
 Malign Gateway           Summ/Tloc      11%        N/A       100%        7
 Summon Horrible Things   Summ           11%        N/A       100%        8
 Dragon's Call            Summ           11%        N/A       100%        9


Dungeon Overview and Level Annotations

Branches:
Dungeon (15/15)            Temple (1/1) D:4            Lair (5/5) D:10
  Swamp (0/4) Lair:2       Spider (1/4) Lair:3        Slime (0/5) Lair:5
    Orc (2/2) D:10            Elf (0/3) Orc:2        Vaults (0/5) D:13
 Depths (0/4) D:15         Bailey (visited)

Altars:
Ashenzari
Cheibriados
Dithmenos
Elyvilon
Fedhas
Gozag
Hepliaklqana
Kikubaaqudgha
Makhleb
Nemelex Xobeh
Okawaru
Qazlal
Ru
Sif Muna
Trog
Uskayaw
Vehumet
Wu Jian
Xom
Yredelemnul
Zin
The Shining One

Shops:
D:1 ?   D:4 *   Orc:2 !?((**![(


Message History

You block the demonic crawler's attack. x2
Aiming: Magic Dart (safe; 0% risk of failure)
Press: ? - help, Q - select action, (/) - cycle Shift-Dir - straight line, f/p - demonic crawler
Aim: a demonic crawler (severely wounded, 100% to hit)
You feel a surge of power!
The magic dart hits the demonic crawler but does no damage.
The demonic crawler is severely wounded.
Your battlesphere fires!
The barrage of energy hits the demonic crawler but does no damage.
The demonic crawler is severely wounded.
The demonic crawler hits you. The demonic crawler hits you!
* * * LOW HITPOINT WARNING * * *
The demonic crawler closely misses you.
The demonic crawler completely misses you. x2
The demonic crawler hits you but does no damage.
Unknown command.
Aiming: Magic Dart (safe; 0% risk of failure)
Press: ? - help, Q - select action, (/) - cycle Shift-Dir - straight line, f/p - demonic crawler
Aim: a demonic crawler (heavily wounded, ally target, 100% to hit)
You feel a surge of power!
The magic dart hits the demonic crawler.
The demonic crawler is heavily wounded.
Your battlesphere fires!
The barrage of energy hits the demonic crawler!
The demonic crawler is almost dead.
The demonic crawler barely misses you. The demonic crawler closely misses you.
You block the demonic crawler's attack.
Aiming: Magic Dart (safe; 0% risk of failure)
Press: ? - help, Q - select action, (/) - cycle Shift-Dir - straight line, f/p - demonic crawler
Aim: a demonic crawler (severely wounded, ally target, 100% to hit)
You feel a surge of power!
The magic dart hits the demonic crawler but does no damage.
The demonic crawler is severely wounded.
Your battlesphere fires!
The barrage of energy hits the demonic crawler!
The demonic crawler is almost dead.
The demonic crawler hits you!
* * * LOW HITPOINT WARNING * * *
The demonic crawler closely misses you. The demonic crawler hits you!
You die...

#####...# #
........ .. ...†..
... .....######
.... #s.†##..*.#
..... #..##....###
......#.##†@.....#
..#.#......s..).#
#..............###
##.>........###..#
##......#^.......#
######.#^......^#
#.##......##
...##.#### ... ##


You could see a demonic crawler (ally target) and a friendly battlesphere.

Vanquished Creatures
  Frances (D:13)
  An orc warlord (Orc:2)
  Snorg (Lair:4)
  5 vault guards
  A rakshasa (D:15)
  6 hydras
  2 ice dragons (D:15)
  2 centaur warriors
  3 boulder beetles
  An ogre mage (D:13)
  A two-headed ogre (shapeshifter) (D:13)
  3 two-headed ogres
  3 death yaks (Lair:5)
  3 tengu warriors (D:13)
  5 orc high priests (Orc:2)
  Sonja (D:10)
  A deep elf knight (D:11)
  2 skysharks (Lair:5)
  A pharaoh ant (Spider:1)
  3 skeletal warriors (D:14)
  3 bog bodies (Lair:2)
  11 orc knights
  4 lindwurms (Lair:5)
  3 ugly things (D:14)
  Pikel (D:7)
  A wolf spider (Spider:1)
  8 cyclopes
  An oklob plant (D:10)
  An orc sorcerer (Orc:1)
  A moth of wrath (Spider:1)
  4 manticores
  6 black mambas
  25 elephants
  2 molten gargoyles (Lair:4)
  2 gargoyles (D:13)
  11 cane toads
  2 kobold demonologists
  An unseen horror (D:9)
  3 unseen horror zombies (D:9)
  5 rime drakes
  4 komodo dragons
  An efreet (D:13)
  A tengu conjurer (D:13)
  2 freezing wraiths
  A wind drake (shapeshifter) (D:15)
  5 trolls
  2 tarantellas (Spider:1)
  Grinder (D:3)
  11 polar bears
  11 blink frogs
  2 hornets
  Prince Ribbit (Bailey)
  4 raiju (Lair:5)
  15 dream sheep (Lair:5)
  A centaur simulacrum (D:15)
  3 wraiths
  7 jumping spiders
  A shadow (D:13)
  A vampire (D:6)
  9 wyverns
  3 basilisks
  7 humans
  26 yaks
  5 steam dragons
  Grum (D:8)
  3 redbacks
  5 wargs
  6 vampire mosquitoes
  6 swamp worms
  Edmund (D:4)
  An acid dragon (D:13)
  20 water moccasins
  13 hell hounds (Lair:5)
  39 orc warriors
  3 ice beasts
  13 black bears
  3 sky beasts
  8 ogres
  22 wolves
  19 centaurs
  2 phantoms
  2 lemures (D:7)
  3 kobold brigands
  A gnoll sergeant (D:9)
  17 bullfrogs
  5 scorpions
  A wyvern zombie (D:9)
  14 wights
  An oklob sapling (D:10)
  4 howler monkeys
  4 electric eels
  5 lava snakes (Lair:4)
  4 centaur zombies (D:9)
  6 hounds
  6 jellies
  2 gnoll boudas (D:7)
  24 orc priests
  4 iguanas
  Jessica (D:2)
  Terence (D:3)
  8 hell rats
  19 orc wizards
  3 sleepcaps
  Robin (D:4)
  A howler monkey zombie (D:9)
  18 gnolls
  11 adders
  A shadow imp (D:7)
  4 white imps
  An ufetubus (D:5)
  2 worms (D:2)
  3 dart slugs
  107 orcs
  9 endoplasms
  2 giant cockroaches (D:1)
  24 goblins
  13 hobgoblins
  3 jackals (D:10)
  6 quokkas
  18 ball pythons
  6 bats
  3 frilled lizards (D:1)
  26 kobolds
  6 rats
830 creatures vanquished.

Vanquished Creatures (others)
  198 fulminant prisms
198 creatures vanquished.

Grand Total: 1028 creatures vanquished

Notes
Turn   | Place    | Note
-------+----------+-------------------------------------------
     0 | D:1      | Dadi the Deep Elf Conjurer began the quest for the Orb.
     0 | D:1      | Reached XP level 1. HP: 10/10 MP: 6/6
   283 | D:1      | Reached XP level 2. HP: 15/15 MP: 4/8
   777 | D:1      | Found Xesunn's Magic Scroll Boutique.
  1385 | D:2      | Noticed Jessica
  1387 | D:2      | Killed Jessica
  1388 | D:2      | Reached skill level 5 in Conjurations
  1388 | D:2      | Reached XP level 3. HP: 19/19 MP: 7/10
  1763 | D:2      | Reached XP level 4. HP: 21/24 MP: 7/12
  1898 | D:2      | Found an ornate altar of the Wu Jian Council.
  2126 | D:2      | Learned a level 2 spell: Searing Ray
  2130 | D:2      | Learned a level 3 spell: Dazzling Flash
  2135 | D:2      | Learned a level 4 spell: Fulminant Prism
  2166 | D:3      | Noticed Grinder
  2209 | D:3      | Reached skill level 5 in Spellcasting
  2440 | D:4      | Noticed a scorpion
  2445 | D:4      | Reached XP level 5. HP: 28/28 MP: 8/15
  2447 | D:4      | Reached skill level 1 in Hexes
  2618 | D:4      | Noticed a phantom
  2643 | D:4      | Learned a level 4 spell: Iskenderun's Mystic Blast
  2657 | D:4      | Killed a phantom
  2658 | D:4      | Reached XP level 6. HP: 32/32 MP: 9/17
  2776 | D:4      | Noticed Edmund
  2784 | D:4      | Killed Edmund
  2889 | D:4      | Found Zealayw's General Store.
  2899 | D:4      | Bought a scroll of teleportation for 36 gold pieces
  2955 | D:4      | Found an ancient bone altar of Kikubaaqudgha.
  2955 | D:4      | Found a shimmering altar of Xom.
  2962 | D:4      | Found a hide-covered altar of Uskayaw.
  2965 | D:4      | Found an ornate altar of the Wu Jian Council.
  3003 | D:4      | Found a glowing silver altar of Zin.
  3003 | D:4      | Noticed Robin
  3006 | D:4      | Killed Robin
  3063 | D:4      | Found a shadowy altar of Dithmenos.
  3157 | D:4      | Reached XP level 7. HP: 36/36 MP: 6/18
  3321 | D:4      | Found a staircase to the Ecumenical Temple.
  3348 | D:4      | Found a blossoming altar of Fedhas.
  3362 | Temple   | Entered the Ecumenical Temple
  3601 | Temple   | Became a worshipper of Vehumet
  3804 | D:5      | Entered Level 5 of the Dungeon
  3804 | D:5      | Noticed a kobold demonologist
  3883 | D:3      | Reached skill level 5 in Dodging
  4010 | D:3      | Paralysed by Grinder for 2 turns
  4017 | D:3      | Killed Grinder
  4018 | D:3      | Reached skill level 5 in Hexes
  4672 | D:3      | Noticed Terence
  4676 | D:3      | Killed Terence
  4676 | D:3      | Reached * piety under Vehumet
  4676 | D:3      | Offered knowledge of Foxfire by Vehumet.
  4688 | D:3      | Reached skill level 1 in Fighting
  5439 | D:5      | Noticed a sixfirhy
  5440 | D:5      | Noticed a sun demon
  5447 | D:4      | Killed a kobold demonologist
  5448 | D:4      | Reached XP level 8. HP: 45/46 MP: 0/19
  5772 | D:5      | Reached skill level 1 in Fire Magic
  6276 | D:5      | Identified the +6 ring mail "Nuor" {rC+ Str-3 Dex+3}
  6788 | D:6      | Reached ** piety under Vehumet
  6869 | D:6      | Offered knowledge of Freeze by Vehumet.
  6985 | D:6      | Found a white marble altar of Elyvilon.
  6999 | D:6      | Reached XP level 9. HP: 52/52 MP: 17/23
  7037 | D:6      | Identified the +2 leather armour "Otedorcho" {Fly Str-2
                  | Int+6 Stlth-}
  7259 | D:6      | Reached skill level 5 in Fire Magic
  7724 | D:6      | Reached skill level 10 in Spellcasting
  8332 | D:1      | Bought a scroll of enchant armour for 75 gold pieces
  8662 | D:7      | Noticed a troll
  8671 | D:7      | Killed a troll
  8769 | D:7      | Noticed a two-headed ogre
  8776 | D:7      | Killed a two-headed ogre
  8777 | D:7      | Reached XP level 10. HP: 8/56 MP: 12/27
  8941 | D:7      | Noticed Pikel
  8946 | D:6      | Offered knowledge of Inner Flame by Vehumet.
  9174 | D:7      | Reached *** piety under Vehumet
  9177 | D:7      | Killed Pikel
  9250 | D:7      | Noticed a boulder beetle
  9698 | D:8      | Offered knowledge of Olgreb's Toxic Radiance by Vehumet.
  9901 | D:8      | Noticed Grum
  9910 | D:8      | Killed Grum
  9976 | D:8      | Found a flagged portal.
  9982 | Bailey   | Entered a bailey
  9992 | Bailey   | Reached skill level 10 in Conjurations
 10004 | Bailey   | Reached XP level 11. HP: 52/61 MP: 17/29
 10138 | Bailey   | Reached **** piety under Vehumet
 10152 | Bailey   | Noticed Prince Ribbit
 10159 | Bailey   | Killed Prince Ribbit
 10244 | Bailey   | Noticed a vault guard
 10255 | Bailey   | Killed a vault guard
 10261 | Bailey   | Noticed a vault guard
 10272 | Bailey   | Killed a vault guard
 10636 | D:7      | Killed a boulder beetle
 10637 | D:7      | Reached skill level 5 in Fighting
 11779 | D:7      | Offered knowledge of Flame Wave by Vehumet.
 13459 | D:9      | Learned a level 4 spell: Flame Wave
 13466 | D:9      | Learned a level 4 spell: Cause Fear
 13839 | D:9      | Reached ***** piety under Vehumet
 14041 | D:9      | Offered knowledge of Iskenderun's Battlesphere by Vehumet.
 14048 | D:9      | Learned a level 5 spell: Iskenderun's Battlesphere
 14406 | D:10     | Entered Level 10 of the Dungeon
 14406 | D:10     | Noticed Sonja
 14753 | D:10     | Found a staircase to the Orcish Mines.
 14796 | D:10     | Found a staircase to the Lair.
 14817 | D:10     | Killed Sonja
 14960 | D:10     | Learned a level 3 spell: Mephitic Cloud
 15237 | D:10     | Reached XP level 12. HP: 68/72 MP: 21/30
 16020 | Lair:1   | Entered Level 1 of the Lair of Beasts
 16172 | Lair:1   | Reached skill level 10 in Dodging
 16172 | Lair:1   | Reached skill level 1 in Shields
 16175 | Lair:1   | Reached skill level 10 in Fire Magic
 17211 | Lair:2   | Reached skill level 5 in Shields
 17229 | Lair:1   | Reached skill level 1 in Earth Magic
 17969 | Lair:2   | Reached skill level 5 in Earth Magic
 18575 | Lair:2   | Found a staircase to the Swamp.
 18689 | Lair:2   | Offered knowledge of Conjure Ball Lightning by Vehumet.
 18847 | Lair:2   | Reached XP level 13. HP: 76/76 MP: 24/32
 19274 | Lair:3   | Identified 2 scrolls of acquirement
 19274 | Lair:3   | Acquired the ring of the Hare {EV+10}
 19274 | Lair:3   | Found the ring of the Hare {EV+10}
 19635 | Lair:3   | Found a hole to the Spider Nest.
 19738 | Lair:3   | Found a transporter.
 19784 | Lair:3   | Found a transporter.
 21184 | Orc:1    | Entered Level 1 of the Orcish Mines
 21682 | Orc:1    | Reached skill level 15 in Spellcasting
 21928 | Orc:2    | Entered Level 2 of the Orcish Mines
 22010 | Orc:2    | Found Caejyp's Weapon Boutique.
 22020 | Orc:2    | Found Ymuyskos's Magic Scroll Shoppe.
 22088 | Orc:2    | Found Gapyt's Antique Weapon Boutique.
 22090 | Orc:2    | Found a staircase to the Elven Halls.
 22106 | Orc:2    | Found Fyfoege's Assorted Antiques.
 22376 | Orc:2    | Found Vifam's Distillery.
 22540 | Orc:2    | Offered knowledge of Eringya's Noxious Bog by Vehumet.
 23593 | Orc:2    | Found Remerhudd's Weapon Emporium.
 23594 | Orc:2    | Found Ygrah's Distillery.
 23594 | Orc:2    | Found Jenaal's Armour Shoppe.
 23595 | Orc:2    | Found Peca's General Store.
 23760 | Orc:2    | Noticed an orc warlord
 23775 | Orc:2    | Killed an orc warlord
 24217 | Orc:2    | Bought a dazzling short sword for 184 gold pieces
 24217 | Orc:2    | Identified the +6 short sword of Xurunuh {drain, *Noise
                  | Fragile Will+++ Int+9} (You bought it in a shop on level 2
                  | of the Orcish Mines)
 24221 | Orc:2    | Bought a steaming broad axe for 207 gold pieces
 24221 | Orc:2    | Identified the +6 broad axe of Imbalance {heavy, rElec rF+
                  | Str+2 Dex-2} (You bought it in a shop on level 2 of the
                  | Orcish Mines)
 24251 | Orc:2    | Bought 2 scrolls of identify for 120 gold pieces
 24260 | Orc:2    | Bought a scroll of identify for 60 gold pieces
 24320 | Orc:2    | Bought a +1 robe of resistance for 523 gold pieces
 24538 | Lair:3   | Acquired the staff of conjuration "Meujiul" {rElec Will++
                  | SInv}
 24708 | Lair:4   | Offered knowledge of Fireball by Vehumet.
 24934 | Lair:4   | Learned a level 5 spell: Fireball
 25003 | Lair:4   | Reached XP level 14. HP: 84/84 MP: 26/35
 25050 | Lair:4   | Reached skill level 10 in Earth Magic
 25358 | Lair:4   | Identified the +10 spear "Xekyi" {chaos, rPois MP-9 Str+4}
 25374 | Lair:4   | Noticed Snorg
 25381 | Lair:4   | Killed Snorg
 25739 | Lair:5   | Entered Level 5 of the Lair of Beasts
 26637 | Lair:5   | Offered knowledge of Starburst by Vehumet.
 27032 | Lair:5   | Identified the +1 long sword of Wyrd {spect, +Blink Dex+4}
 27725 | Lair:5   | Reached XP level 15. HP: 88/88 MP: 31/36
 27821 | Lair:5   | Offered knowledge of Plasma Beam by Vehumet.
 28023 | Lair:5   | Found a staircase to the Slime Pits.
 30857 | D:13     | Noticed Frances
 30864 | D:13     | Killed Frances
 31180 | D:13     | Reached skill level 15 in Conjurations
 31740 | D:13     | Offered knowledge of Ignition by Vehumet.
 32057 | D:13     | Found a gate to the Vaults.
 33593 | D:14     | Found an ornate altar of the Wu Jian Council.
 33593 | D:14     | Found the +12 pair of quick blades "Gyre" and "Gimble"
                  | {protect}
 33630 | D:15     | Entered Level 15 of the Dungeon
 33736 | D:15     | Found a radiant altar of Vehumet.
 34452 | D:15     | Found a staircase to the Depths.
 34822 | Spider:1 | Entered Level 1 of the Spider Nest
 35004 | Spider:1 | Slain by a demonic crawler

Illustrated notes

Levels and vault maps discovered:
D:1:      lightli_arrival_statuegarden, layout_basic, serial_shops,
          nicolae_shop_peninsula
D:2:      minmay_diamond_boxcup, layout_loops_ring, basic_altar, minmay_tall_x,
          uniq_jessica
D:3:      minmay_thinvault, layout_basic, corner_web_ring, chequers_mini_garden,
          uniq_grinder, uniq_terence
D:4:      layout_loops_ring, lemuel_round_altar,
          nicolae_overflow_hallway_of_the_gods,
          minmay_temple_entry_statues_pillars, serial_shops,
          nicolae_shop_real_fake_doors, uniq_robin, uniq_edmund
D:5:      layout_cave_pools, minmay_curled_crystal, hangedman_decor_opposing,
          minmay_puff
D:6:      kennysheep_steamy, layout_loops_corners,
          nicolae_elyvilon_peaceful_grove
D:7:      cheibrodos_fzero, layout_gridville, uniq_pikel
D:8:      layout_cave_pools, enter_bailey_3, wad_woods_river_04, uniq_grum
D:9:      layout_gridville, serial_undead, serial_undead_c, serial_undead_b,
          serial_undead_f, serial_undead_f, special_room [special_room_orc],
          uniq_prince_ribbit1
D:10:     layout_long_grid, david_lair_generic, orc_0_dummy,
          introduction_to_nature_2, uniq_sonja
D:11:     layout_layer_cave, sword_in_stone
D:12:     layout_irregular_city, serial_bayou, serial_bayou_pond_e,
          serial_bayou_shore_a, serial_bayou_ford_a, serial_bayou_pond_e
D:13:     layout_long_grid, grunt_vaults_entry_fortified, uniq_frances
D:14:     layout_basic, nicolae_wu_jian_immortal_techniques
D:15:     grunt_enter_depths_hoard, layout_irregular_city, vehumet_crystals,
          serial_bayou_pond_d
Temple:   eino_temple_water
Lair:1:   layout_regular_city, lemuel_fruit_fields, grunt_megastairs_1,
          serial_bayou_shore_b
Lair:2:   layout_cave_pods, nicolae_swamp_entry_splash_gauntlet,
          chequers_serial_rivers_micro_e, minivault_24, lemuel_fruit_tree
Lair:3:   gammafunk_worm_tunnel, layout_cave_pods, spider_nest_entry_funnel_web,
          serial_bayou_shore_b
Lair:4:   cheibrodos_magma_flow, layout_small_grid, st_stairs_13, uniq_snorg
Lair:5:   hangedman_lair_in_review, layout_long_grid,
          hangedman_lair_caniforms_friends, nicolae_slime_entry_field_trip
Spider:1: cheibrodos_spider_deadly_dance
Orc:1:    layout_caves, basic_altar
Orc:2:    st_orc_pillars, layout_caves, serial_shops, shop, shop, shop, shop,
          shop, minmay_orc_barracks

Skill      XL: |  1  2  3  4  5  6  7  8  9 10 11 12 13 14 15 |
---------------+----------------------------------------------+-----
Spellcasting   | 4 5 6 8 11 12 13 15 | 15.0
Conjurations   | 5 6 10 11 13 15 | 15.0
Hexes          | 2 4 6 |  6.0
Dodging        | 3 4 6 9 10 11 12 13 | 13.7
Fighting       | 3 4 7 8 |  8.0
Fire Magic     | 4 8 9 10 13 14 | 14.0
Shields        | 5 |  5.0
Earth Magic    | 5 9 10 11 | 11.8
Stealth        | |  2.4

Action                     |  1- 3 |  4- 6 |  7- 9 | 10-12 | 13-15 || total
---------------------------+-------+-------+-------+-------+-------++-------
  Melee: Dire flail        |       |     4 |    36 |    54 |       ||    94
         Staff             |       |       |       |       |     4 ||     4
   Cast: Magic Dart        |    68 |    53 |   180 |   494 |   798 ||  1593
         Searing Ray       |       |     2 |     9 |    23 |     4 ||    38
         Fulminant Prism   |       |     5 |    45 |   114 |    37 ||   201
         Dazzling Flash    |       |       |     2 |     2 |     1 ||     5
         Iskenderun's Batt |       |       |       |    51 |   167 ||   218
         Mephitic Cloud    |       |       |       |     1 |     4 ||     5
         Iskenderun's Myst |       |       |       |       |    25 ||    25
         Fireball          |       |       |       |       |    71 ||    71
         Flame Wave        |       |       |       |       |     9 ||     9
         Cause Fear        |       |       |       |       |     1 ||     1
    Use: Scroll            |       |       |     3 |    21 |    10 ||    34
         Potion            |       |       |       |     1 |       ||     1
 Armour: Robe              |     1 |     8 |    29 |       |    23 ||    61
         Steam dragon scal |       |       |    11 |   167 |     9 ||   187
  Dodge: Dodged            |     7 |    11 |    79 |   200 |   263 ||   560
  Block: Other             |       |       |    22 |    63 |       ||    85
         Reflection        |       |       |     4 |     7 |     3 ||    14
         Buckler           |       |       |       |    10 |    84 ||    94
